Map: Paladino Terminal LE

Players

Musumeci

  • Race: Zerg Zerg
  • League: Diamond
  • Spawn Location: 5:00

Paracelsus - Winner!

  • Race: Protoss Protoss
  • League: Diamond
  • Spawn Location: 9:00

VOD

Have the link to the VOD?

Description

Time

  • Played on: March 2, 2017, 10:31 a.m.
  • Length: 5:47
Show
View Real Time Build Order
Export as new Build Order

Musumeci Zerg 

Build Orders: Pool First 

Get SALT Encoding   

  12  0:00  Drone  
  13  0:08  Drone  
  14  0:27  Spawning Pool  
  13  0:31  Drone  
  14  0:54  Overlord  
  14  1:13  Hatchery  
  14  1:16  Zergling x2  
  14  1:17  Zergling x2  
  15  1:18  Zergling x2  
  16  1:46  Hatchery  
  15  1:49  Zergling x2  
  15  2:13  Zergling x6  
  18  2:25  Zergling x2  
  21  2:35  Zergling x2  
  21  2:36  Zergling x2  
  23  2:37  Zergling x2  
  23  2:49  Zergling x2  
  20  3:00  Zergling x2  
  19  3:16  Zergling x4  
  19  3:17  Queen  
  18  3:33  Zergling x4  
  18  3:34  Zergling x6  
  21  3:53  Queen  
  21  3:54  Zergling x2  
  21  3:55  Zergling x2  
  21  4:09  Zergling x2  
  22  4:11  Zergling x2  
  22  4:12  Zergling x4  
  24  4:24  Zergling x2  
  24  4:25  Zergling x4  
  25  4:41  Queen  
  18  4:53  Zergling x4  
  18  4:59  Zergling x2  
  21  5:00  Zergling x6  
  21  5:02  Zergling x2  
  21  5:03  Zergling x4  
  27  5:15  Zergling x2  
Show
View Real Time Build Order
Export as new Build Order

Paracelsus Protoss - Winner!

Build Orders:  

Get SALT Encoding   

  12  0:02  Probe (Chrono Boost)  
  13  0:12  Probe (Chrono Boost)  
  14  0:19  Pylon  
  14  0:23  Probe (Chrono Boost)  
  15  0:37  Probe (Chrono Boost)  
  15  0:42  Gateway  
  16  0:48  Probe (Chrono Boost)  
  17  0:50  Assimilator  
  17  0:58  Probe (Chrono Boost)  
  18  1:10  Gateway  
  18  1:13  Pylon  
  18  1:27  Probe (Chrono Boost)  
  18  1:29  Zealot  
  21  1:40  Cybernetics Core  
  21  1:44  Probe (Chrono Boost)  
  22  1:55  Probe (Chrono Boost)  
  23  2:05  Probe (Chrono Boost)  
  23  2:08  Zealot  
  26  2:09  Zealot  
  26  2:34  Gateway  
  26  2:46  Warp Gate  
  26  2:50  Adept  
  25  3:11  Gateway  
  25  3:13  Pylon  
  24  3:28  Zealot  
  24  3:43  Gateway  
  23  3:50  Probe (Chrono Boost)  
  24  4:02  Pylon  
  23  4:09  Adept  
  25  4:16  Mothership Core (Chrono Boost)  
  27  4:20  Adept  
  26  4:53  Adept x2  
  30  5:03  Pylon  
  30  5:20  Pylon  
  30  5:22  Adept x2  
  34  5:37  Adept x2  
Tags
 
Add a new tag
Caveats
  • Supply blocks, unpowered buildings, or Contaminate may cause inaccurate times.
  • Supply counts are checked every 10 seconds.